 Dungeon Crawl Stone Soup version 0.30-a0-782-ge64f9170bb (webtiles) character file.

Game seed: 14450294074709583849

170 funkygono the Firebug (level 5, 0/36 HPs)
             Began as a Demonspawn Fire Elementalist on Mar 10, 2023.
             Slain by an orc wizard
             ... wielding a +0 dagger
              (2 damage)
             ... on level 4 of the Dungeon.
             The game lasted 00:03:46 (3435 turns).

funkygono the Firebug (DsFE)                        Turns: 3435, Time: 00:03:46

Health: 0/36       AC:  2    Str:  8    XL:     5   Next: 26%
Magic:  6/10       EV: 12    Int: 19    God:
Gold:   154        SH:  0    Dex: 13    Spells: 4/10 levels left

rFire   . . .      SeeInvis .    p - +0 long sword
rCold   . . .      Faith    .    (no shield)
rNeg    . . .      Spirit   .    a - +0 robe
rPois   .          Reflect  .    (no helmet)
rElec   .          Harm     .    (no cloak)
rCorr   .          Rampage  .    (no gloves)
Will    .....                    (no boots)
Stlth   ++                       (no amulet)
HPRegen 0.26/turn                (no ring)
MPRegen 0.12/turn                (no ring)

@: very slightly contaminated
A: weakness stinger 2
a: no special abilities


You were on level 4 of the Dungeon.
You visited 1 branch of the dungeon, and saw 4 of its levels.

You collected 154 gold pieces.

Inventory:

Hand Weapons
 p - a +0 long sword (weapon)
Armour
 a - a +0 robe (worn)
Scrolls
 c - a scroll of silence {unknown}
 e - 4 scrolls of poison {unknown}
 f - 2 scrolls of fear {unknown}
 h - a scroll of magic mapping {unknown}
 j - 2 scrolls of identify {unknown}
 m - a scroll of torment {unknown}
 o - 2 scrolls of teleportation {unknown}
 r - a scroll of amnesia {unknown}
Potions
 d - 2 potions of heal wounds {unknown}
 g - 2 potions of ambrosia {unknown}
 i - 2 potions of lignification {unknown}
 k - a potion of haste {unknown}
 l - a potion of might {unknown}
 n - a potion of flight {unknown}
 q - a potion of curing {unknown}


   Skills:
 + Level 0.4 Fighting
 + Level 2.0 Dodging
 - Level 1.7 Stealth
 + Level 3.4 Spellcasting
 + Level 2.1 Conjurations
 + Level 4.0 Fire Magic


You had 4 spell levels left.
You knew the following spells:

 Your Spells              Type           Power      Damage    Failure   Level
a - Foxfire               Conj/Fire      56%        2x1d6     4%          1
b - Scorch                Fire           36%        2d7       4%          2
c - Kindle Blastsparks    Fire/Tloc/Air  16%        2d11      26%         3

Your spell library contained the following spells:

 Spells                   Type           Power      Damage    Failure   Level
 Inner Flame              Hex/Fire       10%        N/A       19%         3
 Flame Wave               Conj/Fire      14%        2d6       38%         4


Dungeon Overview and Level Annotations

Branches:
Dungeon (4/15)             Temple (0/1) D:4

Altars:
Gozag


Innate Abilities, Weirdness & Mutations

You have a tail ending in a sharp stinger.


Message History

Confirm with . or Enter, or press ? or * to list all spells.
You don't have enough magic to cast this spell.
Casting: Scorch (safe; 4% risk of failure)
Confirm with . or Enter, or press ? or * to list all spells.
You don't have enough magic to cast this spell.
Unknown command.
Magic courses through your body. The orc closely misses you.
The orc hits you with a +0 whip.
* * * LOW HITPOINT WARNING * * *
Casting: Scorch (safe; 4% risk of failure)
Confirm with . or Enter, or press ? or * to list all spells.
You miscast Foxfire.
You are very lightly contaminated with residual magic.
Nothing appears to happen.
Something hits you.
* * * LOW HITPOINT WARNING * * *
The orc hits you from afar with a +0 trident.
* * * LOW HITPOINT WARNING * * *
The orc barely misses you.
Casting: Foxfire (safe; 4% risk of failure)
Confirm with . or Enter, or press ? or * to list all spells.
You conjure some foxfire!
The orc hits you from afar with a +0 trident.
* * * LOW HITPOINT WARNING * * *
The orc barely misses you. Something hits you.
* * * LOW HITPOINT WARNING * * *
Casting: Foxfire (safe; 4% risk of failure)
Confirm with . or Enter, or press ? or * to list all spells.
You conjure some foxfire!
The foxfire hits the orc.
The orc is moderately wounded.
The foxfire hits something but does no damage.
The orc misses you. The orc hits you but does no damage. Something hits you.
* * * LOW HITPOINT WARNING * * *
Casting: Foxfire (safe; 4% risk of failure)
Confirm with . or Enter, or press ? or * to list all spells.
You conjure some foxfire!
The foxfire hits something but does no damage.
The foxfire hits the orc.
The orc is heavily wounded.
Something hits you.
You die...

#...........
#.......#.#..
#.....$......
#........#...
#..........#
#...)...#### #.....o.#
### #....ov.# #..
#.....@.### ###..
#....v....# ....
#.........###########..
#####..........##......
#..........##.###..
#.......?..##.#....
#..........##.#.#..
#....(.....##.#.###
#..........'<......


You could see 2 orcs.

Vanquished Creatures
  2 iguanas (D:4)
  3 gnolls
  An adder (D:2)
  4 worms
  2 dart slugs (D:2)
  5 orcs
  5 bats
  3 endoplasms
  4 giant cockroaches
  4 goblins
  5 hobgoblins
  3 jackals (D:1)
  3 quokkas
  3 ball pythons
  2 frilled lizards
  7 kobolds
  A rat (D:2)
57 creatures vanquished.

Vanquished Creatures (others)
  207 foxfires
207 creatures vanquished.

Grand Total: 264 creatures vanquished

Notes
Turn   | Place    | Note
-------+----------+-------------------------------------------
     0 | D:1      | funkygono the Demonspawn Fire Elementalist began the quest
                  | for the Orb.
     0 | D:1      | Reached XP level 1. HP: 13/13 MP: 3/3
   365 | D:1      | Reached skill level 3 in Fire Magic
   365 | D:1      | Gained mutation: You have a small tail. [demonic ancestry]
   365 | D:1      | Reached XP level 2. HP: 19/19 MP: 1/5
   368 | D:1      | Learned a level 2 spell: Scorch
   919 | D:1      | Gained mutation: You have a tail ending in a sharp stinger.
                  | [demonic ancestry]
   919 | D:1      | Reached XP level 3. HP: 17/24 MP: 0/6
   923 | D:1      | Learned a level 3 spell: Kindle Blastsparks
  1328 | D:2      | Reached XP level 4. HP: 31/31 MP: 4/7
  2134 | D:3      | Found a faded altar of an unknown god.
  2305 | D:3      | Found an opulent altar of Gozag.
  2635 | D:3      | Reached skill level 4 in Fire Magic
  3316 | D:4      | Reached XP level 5. HP: 36/36 MP: 2/9
  3416 | D:4      | Found a staircase to the Ecumenical Temple.
  3435 | D:4      | Slain by an orc wizard

Illustrated notes

Levels and vault maps discovered:
D:1:      eino_arrival_cavern_a, layout_basic
D:2:      layout_loops_ring
D:3:      layout_basic, mainiacjoe_overflow_catwalk_spiral,
          basic_ecumenical_altar, chequers_serial_rivers_micro_e,
          chequers_serial_rivers_room_b, hangedman_glass_teeth
D:4:      layout_basic, minmay_temple_entry_sparse_star, serial_shops, shop,
          portal_sewer_entry_b, minmay_circle_x

Skill      XL: |  1  2  3  4 |
---------------+-------------+-----
Fire Magic     | 3 4 |  4.0
Dodging        | 2 |  2.0
Spellcasting   | 3 |  3.4
Conjurations   | 2 |  2.1
Fighting       | |  0.4
Stealth        | |  1.7

Action                     |  1- 3 |  4- 6 || total
---------------------------+-------+-------++-------
  Melee: Dagger            |     7 |       ||     7
         Long sword        |       |     4 ||     4
   Cast: Foxfire           |    38 |    79 ||   117
         Scorch            |     8 |     5 ||    13
    Use: Potion            |       |     1 ||     1
 Armour: Robe              |     3 |     3 ||     6
  Dodge: Dodged            |    16 |     9 ||    25

Table legend: (Time is in decaauts)
 A = Elapsed time spent in this place.
 B = Non-inter-level travel time spent in this place.
 C = Inter-level travel time spent in this place.
 D = Time resting spent in this place.
 E = Time spent auto-exploring this place.
 F = Levels seen in this place.
 G = Mean time per level.
                   A        B        C        D        E       F      G
               +--------+--------+--------+--------+--------+-----+--------+
         Total |   3439 |   3302 |    137 |    109 |   2714 |   4 |  859.8 |
       Dungeon |   3439 |   3302 |    137 |    109 |   2714 |   4 |  859.8 |
               +--------+--------+--------+--------+--------+-----+--------+

Top non-repeatable levels by time:
     D:3: 1278 daAuts
     D:1: 1107 daAuts
     D:2: 858 daAuts
     D:4: 196 daAuts
